 Dungeon Crawl Stone Soup version 0.32-a0-732-ga344392067 (webtiles) character file.

Game seed: 12047150065527782735

5537 ragingrage the Carver (level 11, -3/71 HPs)
             Began as a Djinni Artificer on Mar 17, 2024.
             Was an Initiate of Ru.
             Killed by an exploding cyclops (17 damage)
             ... ignited by their inner flame
             ... on level 7 of the Dungeon.
             The game lasted 00:12:56 (9997 turns).

ragingrage the Carver (Djinni Artificer)            Turns: 9997, Time: 00:12:56

Health: -3/71      AC: 13    Str: 11    XL:     11   Next: 1%
Gold:   289        EV: 11    Int: 19    God:    Ru [......] SH:  0 Dex: 17

rFire   + + .        a - +0 scimitar
rCold   . . .        (no shield)
rNeg    . . .        p - +0 steam dragon scales
rPois   ∞            f - +1 helmet of Nirig {rF- Will+ Dex+3}
rElec   .            x - +1 cloak
rCorr   .            (no gloves)
SInv    .            (boots unavailable)
Will    ++...        (no amulet)
Stlth   ++           t - +4 ring of protection
HPRegen 0.31/turn    y - ring of Gikutown {Fly rF+ rC+ Int+2 Slay+3}
MPRegen 0.00/turn

%: infuse magic (-4 HP)
@: flying
A: sickness immunity, fire resistance 2, cold vulnerability 1, float, innate
caster, HP casting, extra vitality 1
a: Renounce Religion, Sacrifice Love, Sacrifice Arcana, Sacrifice Words, Reject
Sacrifices


You were on level 7 of the Dungeon.
You worshipped Ru.
Ru was noncommittal.
You visited 2 branches of the dungeon, and saw 8 of its levels.
You also visited: Ossuary.

You collected 289 gold pieces.

Inventory:

Hand Weapons
 a - a +0 scimitar (weapon)
 b - a +3 dagger
 M - a +1 dagger of protection
Missiles
 q - a throwing net
 O - 6 poisoned darts
Armour
 f - the +1 helmet of Nirig (worn) {rF- Will+ Dex+3}
   (You found it on level 6 of the Dungeon)

   Dex+3:     It affects your dexterity (+3).
   rF-:       It makes you vulnerable to fire.
   Will+:     It increases your willpower.
 l - a +0 chain mail
 p - +0 steam dragon scales (worn)
 x - a +1 cloak (worn)
Jewellery
 t - a +4 ring of protection (left hand)
 y - the ring of Gikutown (right hand) {Fly rF+ rC+ Int+2 Slay+3}
   (You acquired it on level 4 of the Dungeon)

   [ring of protection from cold]

   Int+2:     It affects your intelligence (+2).
   Slay+3:    It affects your accuracy & damage with ranged weapons and melee
   (+3).
   rF+:       It protects you from fire.
   rC+:       It protects you from cold.
   Fly:       It grants you flight.
 I - a ring of fire
Wands
 c - a wand of flame (26) (quivered)
 d - a wand of charming (3)
 e - a wand of iceblast (3)
 g - a wand of mindburst (13)
 s - a wand of warping (9)
 K - a wand of polymorph (11)
Scrolls
 i - a scroll of revelation
 j - 2 scrolls of noise
 k - a scroll of vulnerability
 v - a scroll of torment
 z - a scroll of butterflies {unknown}
 A - 4 scrolls of teleportation
 D - 2 scrolls of fear
 E - a scroll of immolation {unknown}
 F - a scroll of fog {unknown}
 G - 2 scrolls of blinking {unknown}
 H - 3 scrolls of enchant armour
 J - a scroll of poison {unknown}
Potions
 h - 4 potions of degeneration
 m - a potion of haste {unknown}
 n - a potion of might {unknown}
 o - a potion of berserk rage {unknown}
 r - a potion of enlightenment {unknown}
 u - 2 potions of curing
 w - a potion of mutation
 B - a potion of lignification
 C - a potion of heal wounds {unknown}
 L - 2 potions of brilliance {unknown}
 N - a potion of magic {unknown}


   Skills:
 - Level 3.0 Fighting
 - Level 2.7(6.6) Short Blades
 + Level 9.6(9.8) Long Blades
 - Level 0.4 Maces & Flails
 - Level 2.3 Polearms
 - Level 1.0 Armour
 - Level 2.1 Dodging
 - Level 2.0 Stealth
 + Level 7.7 Spellcasting
 + Level 7.7 Conjurations
 + Level 7.7 Hexes
   Level 0.0 Charms
 + Level 7.7 Summonings
 + Level 7.7 Necromancy
 + Level 7.7 Translocations
   Level 0.0 Transmutations
 + Level 7.7 Fire Magic
 + Level 7.7 Ice Magic
 + Level 7.7 Air Magic
 + Level 7.7 Earth Magic
 + Level 7.7 Alchemy
 - Level 3.0 Evocations


You knew the following spells:

 Your Spells              Type           Power      Damage    Failure   Level
a - Apportation           Tloc           74%        N/A       1%          1
b - Ensorcelled Hibernat  Hex/Ice        74%        N/A       1%          2
c - Passwall              Erth           37%        N/A       1%          3
d - Inner Flame           Hex/Fire       37%        N/A       1%          3
e - Arcjolt               Conj/Air       18%        1d28      11%         5
Your spell library was empty.

Dungeon Overview and Level Annotations

Branches:
Dungeon (7/15)             Temple (1/1) D:7         Ossuary (visited)

Altars:
Dithmenos
Elyvilon
Fedhas
Gozag
Hepliaklqana
Makhleb
Nemelex Xobeh
Okawaru
Qazlal
Ru
Trog
Uskayaw
Wu Jian
Xom
Zin
The Shining One

Shops:
D:6 (


Innate Abilities, Weirdness & Mutations

You are immune to sickness and miasma.
You are immune to poison.
Your flesh is very heat resistant. (rF++)
You are vulnerable to cold. (rC-)
You float through the air rather than walking.
You learn spells naturally, not from books.
Your magical power is your life essence.
You have superior vitality. (+4 MHP)


Message History

The purple ugly thing is engulfed in blazing flames.
The purple ugly thing explodes!
The fiery explosion engulfs you! You resist.
You have reached level 11!
The power to cast Arcjolt wells up from within.
Spell assigned to 'e'.
You start resting.
Casting: Inner Flame (safe; 1% risk of failure)
Okay, then.
O - 6 poisoned darts (gained 1)
q - a throwing net You see here a howler monkey skeleton.
A cyclops comes into view.
The cyclops shouts!
The cyclops throws a large rock.
The large rock hits you!!
A cyclops is nearby!
A cyclops is nearby!
Casting: Inner Flame (safe; 1% risk of failure)
Aiming: Inner Flame (safe; 1% risk of failure)
Press: ? - help, Dir - move target, f - cyclops
Aim: a cyclops, quivering large rocks (chance to affect: 76%)
The cyclops is filled with an intense inner flame!
The cyclops hits you.
You barely miss the cyclops. The cyclops hits you!
You slash the cyclops!
Flame seeps out of the cyclops.
You hit the cyclops.
Flame seeps out of the cyclops.
The cyclops is engulfed in blazing flames.
Flame seeps out of the cyclops.
The cyclops hits you but does no damage.
You slash the cyclops!
Flame seeps out of the cyclops.
The cyclops is engulfed in blazing flames.
Flame seeps out of the cyclops.
The cyclops hits you!!
* * * LOW HITPOINT WARNING * * *
You feel better.
Unknown command.
You slash the cyclops!
The cyclops explodes!
The fiery explosion engulfs you! You resist.
You die...
Ru respects your ultimate sacrifice.

....#.........##.#.#.#.##..###.#.
_...^.....##.##.#.#.#.#.#.#.#.###
....#..#...#.#.#.#.#.#.#...###.#.
....#........##.#.#.#.#.#...###.#
....#........#.#.#.#.#.#..#..####
^####.....#..##.#.#.#.#.####..#.#
..........#..#§#.#.#.#.#.#.##..#.
..........#..##§#.#.#.#.##..#####
..........#...##@#.#.#.##........
#.........#.#..##.#.#.##.........
#.........#.##..#######..........
#.........#.###.................#
##.#####........................#
##.# #.##.####.#..####.........
##.# #.##.####.#..# #...#..#.#
...# #....)...)...# #...#..#.#
#### ####.####.#.## #........#


There were no monsters in sight!

Vanquished Creatures
  A two-headed ogre (D:7)
  An ugly thing (D:7)
  2 cyclopes
  A gargoyle (D:7)
  A troll (D:7)
  A hornet (D:7)
  A wyvern (D:7)
  2 yaks (D:6)
  A steam dragon (D:7)
  Menkaure (Ossuary)
  A water moccasin (D:7)
  An orc warrior (D:7)
  An ice beast (D:5)
  3 black bears
  5 centaurs
  A kobold brigand (D:7)
  2 bullfrogs
  A scorpion (D:7)
  5 wights
  5 howler monkeys
  An electric eel (D:7)
  2 bombardier beetles
  A quasit (D:7)
  4 hounds
  3 jellies
  A sleepcap (D:5)
  A gnoll bouda (D:4)
  2 orc wizards
  6 iguanas
  3 mummies (Ossuary)
  3 gnolls
  5 adders
  2 shadow imps (D:7)
  3 white imps (D:7)
  3 ufetubi (D:7)
  2 ribbon worms (D:2)
  13 orcs
  4 endoplasms
  2 giant cockroaches (D:1)
  3 gnoll zombies (Ossuary)
  8 goblins
  5 hobgoblins
  8 jackals
  2 quokkas
  4 ball pythons
  2 bats
  2 frilled lizards (D:3)
  6 gnoll skeletons (Ossuary)
  4 goblin skeletons (Ossuary)
  4 goblin zombies (Ossuary)
  3 hobgoblin zombies (Ossuary)
  5 kobolds
  6 kobold skeletons (Ossuary)
  3 kobold zombies (Ossuary)
  6 orc skeletons (Ossuary)
  5 orc zombies (Ossuary)
  8 rats
  3 rat skeletons (Ossuary)
  7 rat zombies (Ossuary)
192 creatures vanquished.

Vanquished Creatures (collateral kills)
  A yak (D:6)
  A black bear (D:6)
  Blork the orc (D:5)
  A gnoll (D:4)
  5 orcs (D:4)
  A jackal (D:5)
10 creatures vanquished.

Vanquished Creatures (others)
  2 yaks (D:6)
  2 wights (D:6)
  2 gnolls (D:2)
6 creatures vanquished.

Grand Total: 208 creatures vanquished

Notes
Turn   | Place    | Note
-------+----------+-------------------------------------------
     0 | D:1      | ragingrage the Djinni Artificer began the quest for the
                  | Orb.
     0 | D:1      | Reached XP level 1. HP: 17/17 MP: 0/0
    82 | D:1      | Reached skill level 1 in Stealth
   130 | D:1      | Reached XP level 2. HP: 20/22 MP: 0/0
   685 | D:2      | Reached skill level 1 in Polearms
   685 | D:2      | Reached XP level 3. HP: 14/27 MP: 0/0
   685 | D:2      | Learned a level 1 spell: Apportation
  1355 | D:2      | Reached XP level 4. HP: 32/32 MP: 0/0
  2005 | D:2      | Reached skill level 1 in Long Blades
  2005 | D:2      | Reached XP level 5. HP: 33/37 MP: 0/0
  2005 | D:2      | Learned a level 2 spell: Ensorcelled Hibernation
  2298 | D:3      | Reached skill level 1 in Short Blades
  2495 | D:3      | Found a faded altar of an unknown god.
  2723 | D:3      | Found a hide-covered altar of Uskayaw.
  2728 | D:3      | Found a bloodstained altar of Trog.
  2915 | D:4      | Found a blossoming altar of Fedhas.
  2946 | D:4      | Found a glowing golden altar of the Shining One.
  2946 | D:4      | Found a sacrificial altar of Ru.
  3154 | D:4      | Reached XP level 6. HP: 33/42 MP: 0/0
  3395 | D:4      | Reached skill level 1 in Spellcasting
  3395 | D:4      | Reached skill level 1 in Conjurations
  3395 | D:4      | Reached skill level 1 in Hexes
  3395 | D:4      | Reached skill level 1 in Summonings
  3395 | D:4      | Reached skill level 1 in Necromancy
  3395 | D:4      | Reached skill level 1 in Translocations
  3395 | D:4      | Reached skill level 1 in Fire Magic
  3395 | D:4      | Reached skill level 1 in Ice Magic
  3395 | D:4      | Reached skill level 1 in Air Magic
  3395 | D:4      | Reached skill level 1 in Earth Magic
  3395 | D:4      | Reached skill level 1 in Alchemy
  3719 | D:4      | Identified a scroll of acquirement
  3784 | D:4      | Acquired the ring of Gikutown {Fly rF+ rC+ Int+2 Slay+3}
  3823 | D:4      | Found a stormy altar of Qazlal.
  3997 | D:4      | Became a worshipper of Ru the Awakened
  4031 | D:5      | Entered Level 5 of the Dungeon
  4046 | D:5      | Noticed a black bear
  4086 | D:5      | Found a sand-covered staircase.
  4106 | Ossuary  | Entered an ossuary
  4217 | Ossuary  | Reached skill level 2 in Long Blades
  4466 | Ossuary  | Noticed Menkaure
  4469 | Ossuary  | Killed Menkaure
  4470 | Ossuary  | Reached XP level 7. HP: 47/47 MP: 0/0
  4470 | Ossuary  | Learned a level 3 spell: Passwall
  4492 | Ossuary  | Reached skill level 3 in Long Blades
  5155 | D:5      | Reached XP level 8. HP: 36/52 MP: 0/0
  5249 | D:5      | Reached skill level 4 in Long Blades
  5351 | D:5      | Noticed Blork the orc
  5374 | D:5      | Killed Blork the orc
  5936 | D:6      | Reached skill level 5 in Long Blades
  6140 | D:6      | Found Gederok's Hydra Hut.
  6145 | D:6      | Noticed an eight-headed hydra
  6179 | D:6      | Noticed a yak
  6186 | D:6      | Noticed a yak
  6187 | D:6      | Noticed a yak
  6187 | D:6      | Noticed a yak
  6192 | D:6      | Noticed a yak
  6197 | D:6      | Killed a yak
  6198 | D:6      | Reached skill level 6 in Long Blades
  6198 | D:6      | Reached XP level 9. HP: 43/57 MP: 0/0
  6198 | D:6      | Learned a level 3 spell: Inner Flame
  6220 | D:6      | Identified the +1 helmet of Nirig {rF- Will+ Dex+3}
  6287 | D:6      | Reached skill level 5 in Spellcasting
  6287 | D:6      | Reached skill level 5 in Conjurations
  6287 | D:6      | Reached skill level 5 in Hexes
  6287 | D:6      | Reached skill level 5 in Summonings
  6287 | D:6      | Reached skill level 5 in Necromancy
  6287 | D:6      | Reached skill level 5 in Translocations
  6287 | D:6      | Reached skill level 5 in Fire Magic
  6287 | D:6      | Reached skill level 5 in Ice Magic
  6287 | D:6      | Reached skill level 5 in Air Magic
  6287 | D:6      | Reached skill level 5 in Earth Magic
  6287 | D:6      | Reached skill level 5 in Alchemy
  6579 | D:6      | Noticed a cyclops
  6586 | D:6      | Killed a cyclops
  6587 | D:6      | Reached skill level 7 in Long Blades
  7625 | D:7      | Reached XP level 10. HP: 50/62 MP: 0/0
  8198 | D:7      | Reached skill level 8 in Long Blades
  8332 | D:7      | Found an ornate altar of the Wu Jian Council.
  8747 | D:7      | Noticed a two-headed ogre
  9469 | D:7      | Found a staircase to the Ecumenical Temple.
  9478 | Temple   | Entered the Ecumenical Temple
  9536 | D:7      | Noticed a gargoyle
  9545 | D:7      | Killed a gargoyle
  9545 | D:7      | HP: 3/67 [cloud of flame (4)]
  9546 | D:7      | Reached skill level 9 in Long Blades
  9736 | D:7      | Noticed a two-headed ogre
  9745 | D:7      | Killed a two-headed ogre
  9891 | D:7      | Noticed a purple ugly thing
  9913 | D:7      | Killed a purple ugly thing
  9914 | D:7      | Reached XP level 11. HP: 58/71 MP: 0/0
  9914 | D:7      | Learned a level 5 spell: Arcjolt
  9989 | D:7      | Noticed a cyclops
  9997 | D:7      | Killed a cyclops
  9997 | D:7      | Killed by an exploding cyclops... ignited by their inner
                  | flame

Illustrated notes

Levels and vault maps discovered:
D:1:      eino_arrival_cavern_b, layout_rooms
D:2:      layout_loops_corners
D:3:      layout_rooms, minitemple, serial_curves, eino_curves_02,
          eino_curves_02, eino_curves_04, ebering_ecumenical_altar_abandoned
D:4:      layout_loops_ring, grunt_temple_overflow_forces_of_nature,
          chequers_temple_overflow_statue_of_worship
D:5:      layout_loops_ring, enter_ossuary_1, minmay_misc_feat_chi,
          uniq_blork_the_orc
D:6:      layout_basic, doesnt_shop_hydraphobe
D:7:      minmay_the_grid_octo_triangle [minmay_the_grid_octo_checkered,
          minmay_the_grid_octo_prize_square_snowflake,
          minmay_the_grid_octo_fat_diamond], layout_basic, lemuel_tele_altar,
          minmay_temple_entry_poolview, serial_demonic, serial_demonic_f,
          serial_demonic_f, serial_demonic_e, serial_demonic_f,
          serial_demonic_b, serial_demonic_g, minmay_puff
Temple:   hellmonk_temple_beads

Skill      XL: |  1  2  3  4  5  6  7  8  9 10 |
---------------+-------------------------------+-----
Stealth        | 1 2 |  2.0
Polearms       | 1 2 |  2.3
Long Blades    | 1 2 3 6 7 9 |  9.6
Short Blades   | 2 |  2.7
Spellcasting   | 2 3 4 6 7 |  7.7
Conjurations   | 2 3 4 6 7 |  7.7
Hexes          | 2 3 4 6 7 |  7.7
Summonings     | 2 3 4 6 7 |  7.7
Necromancy     | 2 3 4 6 7 |  7.7
Translocations | 2 3 4 6 7 |  7.7
Fire Magic     | 2 3 4 6 7 |  7.7
Ice Magic      | 2 3 4 6 7 |  7.7
Air Magic      | 2 3 4 6 7 |  7.7
Earth Magic    | 2 3 4 6 7 |  7.7
Alchemy        | 2 3 4 6 7 |  7.7
Fighting       | 3 |  3.0
Maces & Flails | |  0.4
Armour         | |  1.0
Dodging        | |  2.1
Evocations     | |  3.0

Action                     |  1- 3 |  4- 6 |  7- 9 | 10-12 || total
---------------------------+-------+-------+-------+-------++-------
  Melee: Club              |     5 |       |       |       ||     5
         Spear             |    88 |   114 |       |       ||   202
         Long sword        |       |   130 |   180 |       ||   310
         Scimitar          |       |       |     2 |    92 ||    94
  Throw: Dart              |       |       |       |     5 ||     5
         Throwing net      |       |       |       |     1 ||     1
   Cast: Inner Flame       |       |       |    11 |    16 ||    27
 Invoke: Reject Sacrifices |       |       |     1 |       ||     1
  Evoke: Wand              |     2 |    10 |     9 |     9 ||    30
    Use: Scroll            |       |     9 |     5 |     2 ||    16
         Potion            |       |       |     1 |     4 ||     5
   Stab: Sleeping          |       |     1 |       |       ||     1
         Betrayed ally     |       |     1 |       |       ||     1
 Armour: Leather armour    |    13 |   106 |   176 |   119 ||   414
         Chain mail        |    39 |    17 |       |       ||    56
         Steam dragon scal |       |       |       |    33 ||    33
  Dodge: Dodged            |    28 |   119 |   124 |    88 ||   359

Table legend: (Time is in decaauts)
 A = Elapsed time spent in this place.
 B = Non-inter-level travel time spent in this place.
 C = Inter-level travel time spent in this place.
 D = Time resting spent in this place.
 E = Time spent auto-exploring this place.
 F = Levels seen in this place.
 G = Mean time per level.
                   A        B        C        D        E       F      G
               +--------+--------+--------+--------+--------+-----+--------+
         Total |  10066 |   9386 |    680 |   2716 |   4667 |   9 | 1118.4 |
       Dungeon |   9579 |   8899 |    680 |   2703 |   4436 |   7 | 1368.4 |
        Temple |      1 |      1 |      0 |      0 |      0 |   1 |    1.0 |
       Ossuary |    485 |    485 |      0 |     13 |    231 |   1 |  485.0 |
               +--------+--------+--------+--------+--------+-----+--------+

Top non-repeatable levels by time:
     D:7: 2370 daAuts
     D:6: 1783 daAuts
     D:2: 1499 daAuts
     D:5: 1266 daAuts
     D:4: 1219 daAuts
     D:3: 814 daAuts
     D:1: 627 daAuts
 Ossuary: 485 daAuts
  Temple: 1 daAuts
